 Dungeon Crawl Stone Soup version 0.26.1-2-gb8aa6d0cf2 (webtiles) character file.

Game seed: 11965053161908668602

949 rel the Cutter (level 8, -1/75 HPs)
             Began as a Kobold Berserker on Mar 26, 2021.
             Was an Elder of Trog.
             Slain by a worker ant (4 damage)
             ... on level 5 of the Dungeon.
             The game lasted 00:17:31 (6427 turns).

rel the Cutter (Kobold Berserker)                   Turns: 6427, Time: 00:17:32

Health: -1/75      AC:  7    Str: 21    XL:     8   Next: 35%
Magic:  8/8        EV: 17    Int: 10    God:    Trog [****..]
Gold:   263        SH:  0    Dex: 14    Spells: 7/7 levels left

rFire    . . .     SeeInvis .   a - +0 short sword
rCold    . . .     Faith    .   (shield restricted)
rNeg     . . .     Spirit   .   g - +2 leather armour
rPois    .         Reflect  .   e - +2 hat
rElec    .         Harm     .   (no cloak)
rCorr    .         Rampage  .   (no gloves)
Will     .....                  (no boots)
Stlth    ..........             (no amulet)
HPRegen  0.22/turn              i - +6 ring of strength
MPRegen  0.11/turn              (no ring)

@: berserking (expiring), lethally poisoned (-1 -> -2), very quick
A: small, nightstalker 3
a: Renounce Religion, Berserk, Trog's Hand, Brothers in Arms


You were on level 5 of the Dungeon.
You worshipped Trog.
Trog was greatly pleased with you.
You visited 1 branch of the dungeon, and saw 5 of its levels.

You collected 263 gold pieces.

Inventory:

Hand Weapons
 a - a +0 short sword (weapon)
Armour
 e - a +2 hat (worn)
 g - a +2 leather armour (worn)
Jewellery
 i - a +6 ring of strength (left hand)
Wands
 k - a wand of random effects (30)
Scrolls
 d - 3 scrolls of teleportation
 j - a scroll of fear
 l - 2 scrolls of identify
 o - 4 scrolls of remove curse
Potions
 b - a potion of heal wounds {unknown}
 c - a potion of mutation {unknown}
 f - a potion of curing {unknown}
 h - 2 potions of haste {unknown}
 m - a potion of flight {unknown}
 n - a potion of cancellation {unknown}
 p - a potion of ambrosia {unknown}
 q - 2 potions of invisibility {unknown}
 r - a potion of resistance {unknown}


   Skills:
 * Level 5.6 Fighting
 + Level 7.0 Short Blades
 + Level 2.8 Armour
 * Level 5.0 Dodging
 * Level 6.5 Stealth


You had 7 spell levels left.
You didn't know any spells.
Your spell library was empty.

Dungeon Overview and Level Annotations

Branches:
Dungeon (5/15)             Temple (0/1) D:5

Altars:
Ashenzari
Elyvilon
Nemelex Xobeh
Okawaru
Ru
Trog
Uskayaw
The Shining One

Shops:
D:4 *


Innate Abilities, Weirdness & Mutations

You are small and have problems with some larger weapons.
You are completely attuned to the shadows.


Message History

The orc wizard is almost dead.
The worker ant bites you but does no damage.
The orc wizard miscasts a cantrip.
The orc wizard hits you but does no damage.
You hit the orc wizard.
You kill the orc wizard!
Trog accepts your kill.
Trog appreciates your killing of a magic user.
The orc hits you with a +0 mace!
* * * LOW HITPOINT WARNING * * *
The orc closely misses you.
You are too berserk!
Unknown command.
You are too berserk!
The worker ant completely misses you.
The orc wizard gestures at you while chanting.
You resist with some effort.
You feel a strong urge to attack something.
You feel sick. The worker ant bites you.
You die...

.....#
.8.8..#
⌠.⌠..o#
.>.8oo#
⌠.⌠.).#
.8.8B.#
.....@#
......#
####.## #.#
#.#
########.#
.........#
.......###
#.........#


You could see a worker ant, an orc wizard and 2 orcs.

Vanquished Creatures
  Sigmund (D:5)
  A centaur (D:5)
  Blork the orc (D:4)
  A scorpion (D:4)
  A crimson imp (D:4)
  3 hounds
  A bullfrog skeleton (D:4)
  3 orc priests
  3 orc wizards
  Natasha (D:2)
  9 adders
  A shadow imp (D:5)
  An ufetubus (D:5)
  2 oozes
  2 worms
  2 dart slugs
  3 leopard geckos
  18 orcs
  7 bats
  11 giant cockroaches
  9 hobgoblins
  4 kobolds
  3 quokkas
  5 frilled lizards
  11 goblins
  2 goblin skeletons (D:4)
  2 goblin zombies (D:4)
  4 hobgoblin zombies (D:4)
  A kobold skeleton (D:4)
  2 kobold zombies (D:4)
  2 orc skeletons (D:4)
  An orc zombie (D:4)
  10 rats
128 creatures vanquished.

Notes
Turn   | Place    | Note
-------+----------+-------------------------------------------
     0 | D:1      | rel the Kobold Berserker began the quest for the Orb.
     0 | D:1      | Reached XP level 1. HP: 14/14 MP: 1/1
   134 | D:1      | Reached XP level 2. HP: 18/19 MP: 2/2
   371 | D:1      | Reached XP level 3. HP: 11/24 MP: 3/3
   918 | D:1      | Reached ** piety under Trog
  1301 | D:2      | Found an iron altar of Okawaru.
  1305 | D:2      | Reached skill level 1 in Stealth
  1345 | D:2      | Found a broken altar of Ashenzari.
  1398 | D:2      | Reached XP level 4. HP: 27/29 MP: 4/4
  1553 | D:2      | Found a sparkling altar of Nemelex Xobeh.
  1872 | D:2      | Noticed Natasha
  1876 | D:2      | Killed Natasha
  1935 | D:2      | Noticed a moth of wrath
  1948 | D:2      | Found a bloodstained altar of Trog.
  1955 | D:2      | Reached XP level 5. HP: 33/33 MP: 5/5
  2223 | D:3      | Found a hide-covered altar of Uskayaw.
  2708 | D:3      | Found a faded altar of an unknown god.
  2937 | D:3      | Reached *** piety under Trog
  3231 | D:3      | Reached skill level 5 in Short Blades
  3239 | D:3      | Reached XP level 6. HP: 38/38 MP: 6/6
  4600 | D:4      | Found a white marble altar of Elyvilon.
  4761 | D:4      | Found a glowing golden altar of the Shining One.
  4816 | D:4      | Reached XP level 7. HP: 43/44 MP: 7/7
  5074 | D:4      | Noticed Blork the orc
  5089 | D:4      | Killed Blork the orc
  5090 | D:4      | Reached skill level 6 in Short Blades
  5090 | D:4      | Reached skill level 5 in Stealth
  5240 | D:4      | Reached **** piety under Trog
  5320 | D:4      | Found a sacrificial altar of Ru.
  5477 | D:4      | Reached skill level 5 in Fighting
  5839 | D:4      | Found Geil Xoi's Assorted Antiques.
  6032 | D:5      | Entered Level 5 of the Dungeon
  6161 | D:5      | Noticed Sigmund
  6177 | D:5      | Reached XP level 8. HP: 47/49 MP: 8/8
  6202 | D:5      | Killed Sigmund
  6203 | D:5      | Reached skill level 5 in Dodging
  6325 | D:5      | Reached skill level 7 in Short Blades
  6404 | D:5      | Found a staircase to the Ecumenical Temple.
  6427 | D:5      | HP: 3/75 [poisoned by a worker ant]
  6427 | D:5      | Slain by a worker ant

Illustrated notes

Levels and vault maps discovered:
D:1:      nzn_arrival_crosshair, layout_basic, minmay_close_crescents
D:2:      layout_basic, nemelex_xobeh_ov_fountains_minmay, tgw_trog,
          okawaru_trees_2, ashenzari_conservatory_becter, serial_forest,
          infiniplex_forest_zigzag_2, infiniplex_forest_clump_curved,
          infiniplex_forest_zigzag_2, infiniplex_forest_straight_3,
          infiniplex_forest_corner_1, infiniplex_forest_end_2,
          infiniplex_forest_clump_medium, minmay_randomly_rotated_circles,
          uniq_natasha, uniq_crazy_yiuf_cottage, uniq_jessica
D:3:      layout_basic, old_standard_altar,
          chequers_ecumenical_altar_simple_redux
D:4:      layout_loops_corners, elyvilon_altar_3, nicolae_ru_path_of_blood,
          nicolae_tso_besieged_by_evil, serial_shops, nicolae_shop_crystal,
          uniq_blork_the_orc
D:5:      layout_gridville, minmay_temple_entry_statues_fountains, serial_shops,
          shop, uniq_edmund, uniq_grinder, uniq_sigmund

Skill      XL: |  1  2  3  4  5  6  7  8 |
---------------+-------------------------+-----
Fighting       | 4 5 |  5.6
Dodging        | 3 4 5 |  5.0
Stealth        | 1 2 3 4 5 6 |  6.5
Armour         | 2 |  2.8
Short Blades   | 5 6 7 |  7.0

Action                   |  1- 3 |  4- 6 |  7- 9 || total
-------------------------+-------+-------+-------++-------
Melee: Short sword       |    98 |   231 |   173 ||   502
Invok: Berserk           |     2 |     4 |     3 ||     9
  Use: Scroll            |     4 |     7 |       ||    11
 Stab: Sleeping          |     6 |    17 |    10 ||    33
Armor: Animal skin       |    12 |       |       ||    12
       Leather armour    |    10 |    57 |    34 ||   101
Dodge: Dodged            |    63 |   168 |   121 ||   352
